 Dungeon Crawl Stone Soup version 0.31-a0-986-g5e6e4ef867 (webtiles) character file.

Game seed: 3721962218980111601

180 Xavori the Trooper (level 5, -2/67 HPs)
             Began as a Djinni Chaos Knight on Nov 9, 2023.
             Was a Plaything of Xom.
             Slain by a merfolk (glowing shapeshifter) (11 damage)
             ... on level 3 of the Dungeon.
             The game lasted 00:02:47 (5290 turns).

Xavori the Trooper (Djinni Chaos Knight)            Turns: 5290, Time: 00:02:49

Health: -2/67      AC: 22    Str: 15    XL:     5   Next: 91%
Gold:   959        EV:  2    Int: 13    God:    Xom [...*..] SH:  0 Dex: 15

rFire   + . .        a - +0 falchion (chaos)
rCold   + . .        (no shield)
rNeg    . . .        b - melded +2 leather armour
rPois   ∞            (helmet currently unavailable)
rElec   +            (cloak currently unavailable)
rCorr   +            (gloves currently unavailable)
SInv    .            (boots unavailable)
Will    +....        q - amulet of regeneration
Stlth   ++           (no ring)
HPRegen 1.11/turn    (no ring)
MPRegen 0.00/turn

%: infuse magic (-3 HP)
@: mighty, tree-form, resistant, attractive, invisible
A: stationary, stasis, torment immunity, boosted hp, sickness immunity, (fire
resistance 2), (cold vulnerability 1), float, innate caster, HP casting, extra
vitality 1, thin skeletal structure 1, strong-willed 1, robust 1, strong 1
a: Renounce Religion


You were on level 3 of the Dungeon.
You worshipped Xom.
You were a favourite toy of Xom.
You were a tree.
You visited 1 branch of the dungeon, and saw 4 of its levels.

You collected 959 gold pieces.

Inventory:

Hand Weapons
 a - a +0 falchion of chaos (weapon)
Armour
 b - a +2 leather armour (melded)
Jewellery
 q - an amulet of regeneration (around neck)
Scrolls
 c - a scroll of butterflies
 e - 4 scrolls of identify
 k - a scroll of teleportation {unknown}
 l - a scroll of poison {unknown}
 m - 2 scrolls of immolation {unknown}
 n - a scroll of brand weapon {unknown}
 p - a scroll of revelation {unknown}
 s - a scroll of fear {unknown}
Potions
 d - a potion of cancellation {unknown}
 g - 4 potions of attraction
 h - 2 potions of heal wounds {unknown}
 i - a potion of brilliance {unknown}


   Skills:
 + Level 3.7 Fighting
 + Level 3.3 Long Blades
 + Level 2.3 Armour
 + Level 3.2 Dodging
 * Level 1.7 Spellcasting
 * Level 1.7 Conjurations
 * Level 1.7 Hexes
   Level 0.0 Charms
 * Level 1.7 Summonings
 * Level 1.7 Necromancy
 * Level 1.7 Translocations
 * Level 1.7 Transmutations
 * Level 1.7 Fire Magic
 * Level 1.7 Ice Magic
 * Level 1.7 Air Magic
 * Level 1.7 Earth Magic
 * Level 1.7 Poison Magic


You knew the following spells:

 Your Spells              Type           Power      Damage    Failure   Level
a - Freeze                Ice            20%        1d4       13%         1
b - Ensorcelled Hibernat  Hex/Ice        10%        N/A       21%         2
Your spell library was empty.

Dungeon Overview and Level Annotations

Branches:
Dungeon (4/15)
 Temple: D:4-7

Altars:


Innate Abilities, Weirdness & Mutations

You are a tree.
Your roots penetrate the ground, keeping you stationary.
You cannot be teleported.
You are immune to unholy pain and torment.
Your maximum health is greatly increased.
Your equipment is partially melded.
You are immune to sickness and miasma.
You are immune to poison.
((Your flesh is very heat resistant. (rF++)))
((You are vulnerable to cold. (rC-)))
You float through the air rather than walking.
You learn spells naturally, not from books.
Your magical power is your life essence.
You have superior vitality. (+4 MHP)
You have a somewhat thin skeletal structure. (Dex +2, Stealth+)
You are strong-willed. (Will+)
You are robust. (+10% HP)
Your muscles are strong. (Str +4, Int/Dex -1)


Message History

The snapping turtle is attracted toward you.
There is an open door here.
The snapping turtle closely misses you.
The snapping turtle is attracted toward you.
The snapping turtle changes into a shock serpent!
The shock serpent is attracted toward you.
The shock serpent changes into a merfolk!
The merfolk is attracted toward you.
Okay, then.
It was a potion of resistance.
You feel protected. Xom grants you insight.
You feel momentarily disoriented. The merfolk hits you!
It was a potion of curing.
You feel better.
Xom titters.
The merfolk looks rather confused.
Okay, then.
You catch the helpless merfolk completely off-guard!
You hit the merfolk.
You feel better.
The merfolk is lightly wounded.
The merfolk is attracted toward you.
You hit the merfolk.
The merfolk is lightly wounded.
The merfolk seems less confused.
The merfolk closely misses you.
You closely miss the merfolk.
The merfolk is lightly wounded.
The merfolk hits you!
It was a potion of invisibility.
You fade into invisibility!
The merfolk hits you!
* * * LOW HITPOINT WARNING * * *
It was a potion of lignification.
You turn into a tree.
Your +2 leather armour melds into your body.
Your roots penetrate the ground. "Go forth and cause havoc, mortal!"
You feel very mighty all of a sudden.
You are now a favourite toy of Xom.
The merfolk hits you!
You die...
Xom roars with laughter!

#.......+[........'...........
##...####.........####....###.
#####..## ##.......##
##....... .......# ##.....##
###.#### .####..# ##...##
#..... .# ##..# ##'## #.####
.# #...# #.# #.# .# #.#.#
###.#### #.# .###.#.#
#..♣m..########.# .......#
#...............#
###...########......##########
#.%..............#.#
##...########.#.##.# ##.##
#.#.##.# ### #......# ###.####
#.#


You could see a merfolk shaped shifter (unable to see you).

Vanquished Creatures
  An ogre (D:2)
  An orc priest (D:3)
  2 worms
  4 dart slugs
  3 ball pythons
  4 endoplasms
  5 giant cockroaches
  3 goblins
  6 hobgoblins
  4 jackals
  2 kobolds
  5 quokkas
  3 bats
  7 frilled lizards
  3 rats
53 creatures vanquished.

Vanquished Creatures (collateral kills)
  A hobgoblin (D:2)
1 creature vanquished.

Vanquished Creatures (others)
  A frilled lizard zombie (D:2)
1 creature vanquished.

Grand Total: 55 creatures vanquished

Notes
Turn   | Place    | Note
-------+----------+-------------------------------------------
     0 | D:1      | Xavori the Djinni Chaos Knight began the quest for the Orb.
     0 | D:1      | Reached XP level 1. HP: 20/20 MP: 0/0
    75 | D:1      | XOM: smoke on damage
    81 | D:1      | XOM: silly message
    84 | D:1      | Reached XP level 2. HP: 23/25 MP: 0/0
   201 | D:1      | XOM: divination: detect creatures
   338 | D:1      | XOM: divination: detect items
   356 | D:1      | Reached XP level 3. HP: 30/30 MP: 0/0
   356 | D:1      | Learned a level 1 spell: Freeze
   453 | D:1      | Found a faded altar of an unknown god.
   542 | D:2      | XOM: silly message
   662 | D:1      | XOM: scenery: summon butterflies
   956 | D:1      | XOM: give mutations
   956 | D:1      | Gained mutation: You are robust. (+10% HP) [Xom's grace]
   956 | D:1      | Gained mutation: You are strong-willed. (Will+) [Xom's
                  | grace]
  1129 | D:1      | XOM: scenery: summon butterflies
  1379 | D:1      | XOM: give mutation
  1379 | D:1      | Gained mutation: You have a somewhat thin skeletal
                  | structure. (Dex +2, Stealth+) [Xom's grace]
  1537 | D:1      | XOM: god gift: javelin
  1807 | D:1      | XOM is BORED!
  1807 | D:1      | XOM: summons 2 hostile demons
  1808 | D:1      | Noticed a ynoxinul
  1808 | D:1      | Noticed a chaos spawn
  2066 | D:1      | XOM: cloud trail
  2506 | D:1      | XOM: torment (18/33 hp)
  2979 | D:1      | XOM: divination: detect creatures
  3236 | D:1      | XOM: give mutation
  3236 | D:1      | Gained mutation: You expend health (3 HP) to strengthen
                  | your wands. [Xom's grace]
  3443 | D:2      | XOM: cloud trail
  3475 | D:2      | Reached skill level 1 in Spellcasting
  3475 | D:2      | Reached skill level 1 in Conjurations
  3475 | D:2      | Reached skill level 1 in Hexes
  3475 | D:2      | Reached skill level 1 in Summonings
  3475 | D:2      | Reached skill level 1 in Necromancy
  3475 | D:2      | Reached skill level 1 in Translocations
  3475 | D:2      | Reached skill level 1 in Transmutations
  3475 | D:2      | Reached skill level 1 in Fire Magic
  3475 | D:2      | Reached skill level 1 in Ice Magic
  3475 | D:2      | Reached skill level 1 in Air Magic
  3475 | D:2      | Reached skill level 1 in Earth Magic
  3475 | D:2      | Reached skill level 1 in Poison Magic
  3521 | D:2      | XOM: smoke on damage
  3768 | D:2      | Reached XP level 4. HP: 38/38 MP: 0/0
  3900 | D:2      | XOM: cloud trail
  4153 | D:2      | Noticed an ogre
  4158 | D:2      | Killed an ogre
  4159 | D:2      | Reached XP level 5. HP: 26/44 MP: 0/0
  4159 | D:2      | Learned a level 2 spell: Ensorcelled Hibernation
  4317 | D:2      | XOM: give mutations
  4317 | D:2      | Gained mutation: Your muscles are strong. (Str +4, Int/Dex
                  | -1) [Xom's mischief]
  4317 | D:2      | Lost mutation: You expend health (3 HP) to strengthen your
                  | wands. [Xom's mischief]
  4348 | D:3      | XOM: noise
  4371 | D:3      | Identified a scroll of acquirement
  4372 | D:3      | Acquired 819 gold pieces
  4379 | D:3      | XOM: 2-stop teleportation journey
  4467 | D:3      | XOM: scenery: summon butterflies
  4657 | D:3      | XOM: noise
  5169 | D:4      | XOM: cast spell 'Alistair's Intoxication'
  5176 | D:4      | an orc wizard changed into a glowing shapeshifter
  5176 | D:4      | Noticed a glowing shapeshifter (glowing shapeshifter)
  5176 | D:4      | XOM: polymorph orc wizard -> glowing shapeshifter
  5176 | D:4      | a glowing shapeshifter changed into a sea snake
  5176 | D:4      | Noticed a sea snake (glowing shapeshifter)
  5177 | D:4      | a sea snake changed into a two-headed ogre
  5177 | D:4      | Noticed a two-headed ogre (glowing shapeshifter)
  5178 | D:4      | a two-headed ogre changed into an anaconda
  5178 | D:4      | Noticed an anaconda (glowing shapeshifter)
  5186 | D:4      | an anaconda changed into a water nymph
  5186 | D:4      | Noticed a water nymph (glowing shapeshifter)
  5187 | D:4      | XOM: butterfly on damage
  5269 | D:4      | a water nymph changed into a glowing orange brain
  5269 | D:4      | Noticed a glowing orange brain (glowing shapeshifter)
  5272 | D:3      | a glowing orange brain changed into a snapping turtle
  5272 | D:3      | Noticed a snapping turtle (glowing shapeshifter)
  5282 | D:3      | a snapping turtle changed into a shock serpent
  5282 | D:3      | Noticed a shock serpent (glowing shapeshifter)
  5283 | D:3      | a shock serpent changed into a merfolk
  5283 | D:3      | Noticed a merfolk (glowing shapeshifter)
  5284 | D:3      | XOM: divination: magic mapping
  5285 | D:3      | XOM: confuse monster(s)
  5290 | D:3      | XOM: potion effect (might)
  5290 | D:3      | Slain by a merfolk (glowing shapeshifter)

Illustrated notes

Levels and vault maps discovered:
D:1:      dpeg_arrival_refuge, layout_basic, nicolae_ecumenical_snake_handling
D:2:      layout_loops_ring, grunt_ministairs_5
D:3:      layout_loops_corners
D:4:      layout_layer_cave, uniq_pikel, uniq_crazy_yiuf_cottage

Skill      XL: |  1  2  3  4 |
---------------+-------------+-----
Long Blades    | 3 |  3.3
Spellcasting   | 1 |  1.7
Conjurations   | 1 |  1.7
Hexes          | 1 |  1.7
Summonings     | 1 |  1.7
Necromancy     | 1 |  1.7
Translocations | 1 |  1.7
Transmutations | 1 |  1.7
Fire Magic     | 1 |  1.7
Ice Magic      | 1 |  1.7
Air Magic      | 1 |  1.7
Earth Magic    | 1 |  1.7
Poison Magic   | 1 |  1.7
Armour         | 2 |  2.3
Dodging        | 3 |  3.2
Fighting       | |  3.7

Action                     |  1- 3 |  4- 6 || total
---------------------------+-------+-------++-------
  Melee: Falchion          |    94 |    65 ||   159
         Punch             |     2 |       ||     2
    Use: Potion            |       |     5 ||     5
         Scroll            |       |     2 ||     2
   Stab: Sleeping          |     2 |     1 ||     3
         Distracted        |       |     2 ||     2
         Confused          |       |     1 ||     1
 Armour: Leather armour    |    62 |    41 ||   103
         Skin              |       |     1 ||     1
  Dodge: Dodged            |    58 |    35 ||    93

Table legend: (Time is in decaauts)
 A = Elapsed time spent in this place.
 B = Non-inter-level travel time spent in this place.
 C = Inter-level travel time spent in this place.
 D = Time resting spent in this place.
 E = Time spent auto-exploring this place.
 F = Levels seen in this place.
 G = Mean time per level.
                   A        B        C        D        E       F      G
               +--------+--------+--------+--------+--------+-----+--------+
         Total |   5317 |   5209 |    108 |   3056 |   1688 |   4 | 1329.2 |
       Dungeon |   5317 |   5209 |    108 |   3056 |   1688 |   4 | 1329.2 |
               +--------+--------+--------+--------+--------+-----+--------+

Top non-repeatable levels by time:
     D:1: 3255 daAuts
     D:2: 1111 daAuts
     D:3: 823 daAuts
     D:4: 126 daAuts
